 Dungeon Crawl Stone Soup version 0.30-a0-125-g51eefa89be (webtiles) character file.

Game seed: 9749237373278956449

10957 ytrimaz the Fighter (level 11, 0/142 HPs)
             Began as a Demonspawn Gladiator on Sept 17, 2022.
             Slain by a minotaur
             ... wielding a +1 dagger of speed
              (12 damage)
             ... in a Gauntlet on Sept 18, 2022.
             The game lasted 00:20:08 (12245 turns).

ytrimaz the Fighter (Demonspawn Gladiator)         Turns: 12245, Time: 00:20:09

Health: 0/142      AC: 25    Str: 23    XL:     11   Next: 43%
Magic:  11/11      EV:  2    Int: 17    God:
Gold:   1428       SH:  4    Dex: 13    Spells: 10/10 levels left

rFire   . . .      SeeInvis .    a - +1 war axe (flame)
rCold   . . .      Faith    .    (no shield)
rNeg    + . .      Spirit   .    (body armour currently unavailable)
rPois   +          Reflect  .    (helmet currently unavailable)
rElec   .          Harm     .    (cloak currently unavailable)
rCorr   .          Rampage  .    (gloves currently unavailable)
Will    .....      NoTele   +    (boots currently unavailable)
Stlth   +.........               (no amulet)
HPRegen 0.33/turn                B - ring "Moah" {Wiz rN+ Str+4 Int+4}
MPRegen 0.12/turn                r - +4 ring of slaying

@: tree-form
A: stationary, stasis, torment immunity, boosted hp, (antennae 1), (thin
metallic scales 2), (spiny 3), condensation shield, bedeviling, (camouflage 1),
clever 1, MP-powered wands
a: no special abilities


You were in a Gauntlet.
You were a tree.
You visited 3 branches of the dungeon, and saw 13 of its levels.
You also visited: Bailey and Gauntlet.

You collected 1428 gold pieces.


Innate Abilities, Weirdness & Mutations

You are a tree.
Your roots penetrate the ground, keeping you stationary.
You cannot be teleported.
You are immune to unholy pain and torment.
Your maximum health is greatly increased.
Your equipment is partially melded.
((You have a pair of small antennae on your head.))
((You are mostly covered in thin metallic scales. (AC +3)))
((You are completely covered in sharp spines.))
A meltable shield of frost defends you. (SH +4)
Your hexes are more powerful.
((Your skin changes colour to match your surroundings (Stealth+).))
Your mind is acute. (Int +4, Str/Dex -1)
You expend magic power (3 MP) to strengthen your wands.


   Skills:
 - Level 12.2 Fighting
 + Level 9.7 Axes
 - Level 1.7 Throwing
 + Level 9.1 Dodging


You had 10 spell levels left.
You didn't know any spells.
Your spell library contained the following spells:

 Spells                   Type           Power      Damage    Failure   Level
 Dazzling Flash           Conj/Hex       0%         N/A       26%         3
 Ozocubu's Armour         Ice            0%         N/A       26%         3
 Portal Projectile        Hex/Tloc       0%         N/A       26%         3
 Tukima's Dance           Hex            0%         N/A       26%         3
 Agony                    Necr           0%         N/A       92%         5
 Blade Hands              Tmut           0%         N/A       92%         5
 Metabolic Englaciation   Hex/Ice        0%         N/A       92%         5
 Silence                  Hex/Air        0%         N/A       92%         5
 Simulacrum               Ice/Necr       0%         N/A       100%        6

Inventory:

Hand Weapons
 a - a +1 war axe of flaming (weapon)
 j - a +0 hand axe
   (You found it on level 1 of the Dungeon)
 K - a +0 battleaxe of electrocution
   (You took it off an orc warrior on level 9 of the Dungeon)
Missiles
 d - 5 throwing nets
 e - 5 javelins
 E - 25 boomerangs (quivered)
Armour
 b - a +2 cloak (melded)
   (You found it on level 8 of the Dungeon)
 k - a +1 troll leather armour (melded)
   (You found it on level 10 of the Dungeon)
 u - a +1 pair of boots (melded)
   (You found it on level 10 of the Dungeon)
 v - a +0 cloak of willpower
   (You found it in a Gauntlet)
 F - +0 acid dragon scales
   (You found it on level 8 of the Dungeon)
Jewellery
 c - a ring of wizardry
   (You took it off an orc priest on level 3 of the Dungeon)
 o - a +4 ring of evasion
   (You found it on level 4 of the Dungeon)
 p - a ring of poison resistance
   (You found it on level 4 of the Dungeon)
 r - a +4 ring of slaying (right branch)
   (You found it on level 4 of the Dungeon)
 s - a ring of willpower
   (You found it on level 5 of the Dungeon)
 t - a +6 ring of intelligence
   (You found it on level 7 of the Dungeon)
 B - the ring "Moah" (left branch) {Wiz rN+ Str+4 Int+4}
   (You found it in a Gauntlet)

   [ring of wizardry]

   It improves your spell success rate.
   Str:       It affects your strength (+4).
   Int:       It affects your intelligence (+4).
   rN:        It protects you from negative energy.
 C - the ring of Coronation {rC+ MP+9}
   (You found it on level 6 of the Dungeon)

   [ring of protection from cold]

   rC:        It protects you from cold.
   MP:        It affects your magic capacity (+9).
 H - a ring of flight
   (You found it in a bailey)
 P - a ring of see invisible
   (You found it on level 10 of the Dungeon)
Wands
 l - a wand of iceblast (3)
   (You found it on level 7 of the Dungeon)
 y - a wand of flame (16)
   (You found it on level 6 of the Dungeon)
 O - a wand of paralysis (4)
   (You found it on level 10 of the Dungeon)
Scrolls
 h - 4 scrolls of magic mapping
 i - 6 scrolls of teleportation
 n - a scroll of immolation
 q - a scroll of summoning
 w - a scroll of brand weapon
 A - 2 scrolls of poison
 D - a scroll of blinking
 J - 2 scrolls of fear
 L - 2 scrolls of identify
Potions
 f - 3 potions of curing
 g - 2 potions of heal wounds
 m - 2 potions of lignification
 x - a potion of cancellation
 z - 2 potions of mutation
 G - 5 potions of flight
 I - a potion of attraction {unknown}
 M - a potion of ambrosia {unknown}

Dungeon Overview and Level Annotations

Branches:
Dungeon (11/15) Zot: 26941  Temple (1/1) D:4 Zot: 5892    Lair (1/5) D:9 Zot: 5998
    Orc (0/2) D:10         Bailey (visited)         Gauntlet (1/1) Zot: 5569

Altars:
Ashenzari
Cheibriados
Dithmenos
Fedhas
Gozag
Hepliaklqana
Kikubaaqudgha
Makhleb
Nemelex Xobeh
Okawaru
Qazlal
Ru
Sif Muna
Trog
Uskayaw
Vehumet
Wu Jian
Xom
Yredelemnul
Jiyva

Shops:
D:1 (   D:2 :   D:3 :

Annotations:
D:7 Lance11888's ghost, novice GrCK; ThrustWizard's ghost, novice GrEE
D:11 3 runed translucent doors, gregwegmann's ghost, journeyman GrEE Gauntlet 8 transporters, 2 runed translucent doors, exclusion: oklob plant

^...#..≈#########
#####..###.##....#
.......##..##.##.#
#####..#......##.#
yy.y#..#...##.##.###
###y#.8#.©.##....#.# ≈#
...y#..#...##.##.#.#.≈≈#
©####.∩#.©....##.H...∩≈#
#$..#..#...##.##♣#.#.≈≈#
#[$##.8#.©.##....#.# ≈#
#.#©#..#...##.##.###
#####..#......##.#
.......##..##.##.#
#####..###.##....#
..###..≈##########
..###..## ##/##..≈#


You could see a minotaur.


Message History

You regained 5 hp, and now have 57/95 hp.
B - the ring "Moah" {Wiz rN+ Str+4 Int+4} 😮 HP[+2]
You regained 2 hp, and now have 59/95 hp.
J - 2 scrolls of fear (gained 1) 😮 HP[+2]
You regained 2 hp, and now have 61/95 hp. 😮 HP[+2]
You regained 2 hp, and now have 63/95 hp. 😮 HP[+1]
There is a transporter here. 😮 HP[+1] 😮 HP[+1] 😮 HP[+1]
M - a smoky emerald potion 😮 HP[+2]
You regained 2 hp, and now have 69/95 hp.
You remove your +4 ring of evasion.
You feel stronger.
You feel clever.
B - the ring "Moah" (left hand) {Wiz rN+ Str+4 Int+4} 😮 HP[+1] Unknown command.
Okay, then.
You start resting. 😎 HP[+25]
Your hp is fully restored (95).
Unknown command.
There is a transporter here.
You enter the transporter and appear at another place.
Okay, then.
You open the door.
Found a book of the Warp.
Found a gate leading back out of this place.
A minotaur comes into view. It is wielding a +6 sling of flaming.
The minotaur bellows!
The minotaur shoots a sling bullet.
You block the sling bullet.
There is an open door here.
Unknown command.
You start waiting.
A minotaur is nearby!
The minotaur unwields a +6 sling of flaming.
It stops flaming.
The minotaur wields a +1 dagger of speed.
The minotaur hits you but does no damage.
The minotaur completely misses you.
You hit the minotaur but do no damage. The minotaur is struck by your spines.
The minotaur hits you with a +1 dagger of speed!!
The minotaur gores you! 😮 HP[-37]
You take 37 damage, and now have 58/95 hp.
MASSIVE DAMAGE!! (PAUSE)
You barely miss the minotaur. You block the minotaur's attack.
The minotaur gores you. 😮 HP[-2]
You take 2 damage, and now have 56/95 hp.
You hit the minotaur. You burn the minotaur.
The minotaur hits you with a +1 dagger of speed!
* * * LOW HITPOINT WARNING * * *
The minotaur gores you!
* * * LOW HITPOINT WARNING * * *
The minotaur hits you with a +1 dagger of speed!
* * * LOW HITPOINT WARNING * * *
The minotaur closely misses you. 😨 HP[-27]
You take 27 damage, and now have 29/95 hp.
MASSIVE DAMAGE!! (PAUSE) Unknown command.
You feel much better. The minotaur is struck by your spines.
The minotaur hits you with a +1 dagger of speed!
* * * LOW HITPOINT WARNING * * *
The minotaur gores you but does no damage. 😨 HP[+7]
You regained 7 hp, and now have 36/95 hp.
Really quaff the potion of lignification?
You turn into a tree.
Your +2 cloak melds into your body.
Your +1 pair of boots melds into your body.
Your +1 troll leather armour melds into your body.
Your roots penetrate the ground.
The minotaur hits you with a +1 dagger of speed!
* * * LOW HITPOINT WARNING * * *
The minotaur completely misses you.
The minotaur hits you with a +1 dagger of speed!
* * * LOW HITPOINT WARNING * * *
The minotaur gores you but does no damage. 😱 HP[-3]
You now have 142 max hp (+47).
Unknown command.
Unknown command.
You closely miss the minotaur.
The minotaur furiously retaliates!
The minotaur headbutts you!
* * * LOW HITPOINT WARNING * * *
The minotaur hits you with a +1 dagger of speed!
* * * LOW HITPOINT WARNING * * *
The minotaur gores you but does no damage. 😱 HP[-21]
You take 21 damage, and now have 12/142 hp.
You slash the minotaur! You burn the minotaur.
The minotaur hits you but does no damage.
The minotaur gores you!
You die...

Skill      XL: |  1  2  3  4  5  6  7  8  9 10 11 |
---------------+----------------------------------+-----
Axes           | 3 4 5 6 7 8 9 |  9.7
Fighting       | 3 4 5 6 7 9 10 12 | 12.2
Dodging        | 3 4 5 6 7 9 |  9.1
Throwing       | |  1.7

Action                   |  1- 3 |  4- 6 |  7- 9 | 10-12 || total
-------------------------+-------+-------+-------+-------++-------
Melee: War axe           |    65 |    86 |   197 |   195 ||   543
       Punch             |       |     1 |     2 |     1 ||     4
       Bite              |       |       |    19 |       ||    19
Throw: Boomerang         |       |       |       |     8 ||     8
  Use: Scroll            |     6 |     3 |     9 |     3 ||    21
       Potion            |       |     6 |     7 |    11 ||    24
 Stab: Sleeping          |     1 |     2 |     4 |     1 ||     8
       Invisible         |       |     2 |     4 |     3 ||     9
Armor: Leather armour    |    25 |    14 |    36 |       ||    75
       Acid dragon scale |       |       |     5 |    29 ||    34
       Troll leather arm |       |       |       |     7 ||     7
       Skin              |       |       |       |     3 ||     3
Dodge: Dodged            |    50 |    56 |   152 |   157 ||   415
Block: Other             |       |    20 |    29 |    26 ||    75

Levels and vault maps discovered:
D:1:      dpeg_arrival_pits, layout_basic, serial_shops, shop,
          chequers_serial_rivers_small_3, minmay_nonomino_d4
D:2:      layout_loops_ring, ebering_ecumenical_altar_abandoned, serial_shops,
          shop_coins
D:3:      layout_rooms, nicolae_overflow_hidden_temple, serial_shops,
          nicolae_shop_crystal, kennysheep_generic_room_13
D:4:      kennysheep_six_static_rooms, layout_basic, makhleb_heckhound_becter,
          minmay_temple_entry_stoned_glass, hangedman_decor_push, uniq_robin,
          uniq_crazy_yiuf_cottage
D:5:      layout_cave_pools, lemuel_zombie_altar_yredelemnul
D:6:      layout_basic, chequers_serial_rivers_room_b, minivault_5
D:7:      minmay_clustersquares, layout_basic, lemuel_tele_altar,
          gammafunk_ghost_cemetery, nicolae_fountain_basement
D:8:      layout_basic, kennysheep_mini_moat
D:9:      layout_roguey, trog_butcher_becter, david_lair_shrubbed,
          enter_bailey_4
D:10:     layout_irregular_city, kennysheep_orc_monster_closet_entryway,
          kb_lookout_dungeons_type, uniq_snorg
D:11:     layout_gridville, gauntlet_entry_generic, gammafunk_ghost_ooze,
          special_room [special_room_orc], nicolae_shop_gadgets
Temple:   nicolae_temple_superstar
Lair:1:   beast_lair_carwin_large_4, layout_chaotic_city, lemuel_fruit_tree
Gauntlet: gammafunk_gauntlet_mixed_choke_point [minmay_gauntlet_arena_77_mirror,
          minmay_gauntlet_arena_77_chump_sandwich,
          minmay_gauntlet_arena_77_double_cross,
          gammafunk_gauntlet_arena_chambers, minmay_gauntlet_arena_77_cramped,
          minmay_gauntlet_arena_77_radiant_squares,
          minmay_gauntlet_arena_77_braids, gauntlet_exit_watery]

Notes
Turn   | Place    | Note
-------+----------+-------------------------------------------
     0 | D:1      | ytrimaz the Demonspawn Gladiator began the quest for the
                  | Orb.
     0 | D:1      | Reached XP level 1. HP: 16/16 MP: 1/1
     0 | D:1      | magus.rc [v1.9.6]
    62 | D:1      | Gained mutation: You are partially covered in sharp spines.
                  | [demonic ancestry]
    62 | D:1      | Reached XP level 2. HP: 10/23 MP: 2/2
   244 | D:1      | You pick up a book of the Senses and begin reading...
   244 | D:1      | You add the spells Dazzling Flash, Agony and Silence to
                  | your library.
   253 | D:1      | Found Goracruwk's Weapon Boutique.
   344 | D:1      | Reached skill level 3 in Axes
   447 | D:1      | Reached skill level 3 in Fighting
   475 | D:1      | You pick up a book of Winter and begin reading...
   475 | D:1      | You add the spells Ozocubu's Armour, Metabolic Englaciation
                  | and Simulacrum to your library.
   652 | D:1      | magus.rc [v1.9.6]
   652 | D:1      | Upgraded the game from 0.30-a0-123-g91d0c66ccf to
                  | 0.30-a0-125-g51eefa89be
   652 | D:1      | magus.rc [v1.9.6]
  1505 | D:2      | Found Oppafef's Book Shop.
  1670 | D:2      | Gained mutation: You are partially covered in thin metallic
                  | scales. (AC +2) [demonic ancestry]
  1670 | D:2      | Reached XP level 3. HP: 29/29 MP: 3/3
  2120 | D:2      | Found a faded altar of an unknown god.
  2410 | D:3      | Noticed a phantom
  2414 | D:3      | Gained mutation: You have a pair of small antennae on your
                  | head. [demonic ancestry]
  2414 | D:3      | Reached XP level 4. HP: 37/37 MP: 4/4
  2418 | D:3      | Killed a phantom
  2419 | D:3      | Reached skill level 4 in Fighting
  2419 | D:3      | Gained mutation: A meltable shield of frost defends you.
                  | (SH +4) [demonic ancestry]
  2419 | D:3      | Reached XP level 5. HP: 30/43 MP: 5/5
  2549 | D:3      | Found an opulent altar of Gozag.
  2556 | D:3      | Found Joiwicy's Book Shoppe.
  2666 | D:3      | Reached skill level 5 in Fighting
  2666 | D:3      | Reached skill level 4 in Axes
  2869 | D:3      | HP: 11/44 [orc priest/divine providence (11)]
  2876 | D:3      | Reached XP level 6. HP: 16/51 MP: 6/6
  3104 | D:4      | Found a staircase to the Ecumenical Temple.
  3130 | Temple   | Entered the Ecumenical Temple
  3506 | D:4      | Found a burning altar of Makhleb.
  3810 | D:4      | Noticed Robin
  3816 | D:4      | Reached skill level 6 in Fighting
  3816 | D:4      | Reached skill level 3 in Dodging
  3820 | D:4      | Killed Robin
  4372 | D:4      | Found a runed translucent door.
  4373 | D:4      | Noticed Crazy Yiuf
  4382 | D:4      | Killed Crazy Yiuf
  4387 | D:4      | Identified the +4 hammer of Filigreed Fortitude {vorpal,
                  | Fragile rF- SInv Stlth+}
  4527 | D:5      | Entered Level 5 of the Dungeon
  4535 | D:5      | Gained mutation: You are mostly covered in sharp spines.
                  | [demonic ancestry]
  4535 | D:5      | Reached XP level 7. HP: 56/58 MP: 7/7
  4768 | D:5      | Reached skill level 5 in Axes
  4815 | D:5      | Reached skill level 7 in Fighting
  5109 | D:5      | Found a basalt altar of Yredelemnul.
  5130 | D:5      | Reached skill level 4 in Dodging
  5130 | D:5      | Gained mutation: Your hexes are more powerful. [demonic
                  | ancestry]
  5130 | D:5      | Reached XP level 8. HP: 65/67 MP: 8/8
  5881 | D:6      | Reached skill level 8 in Fighting
  6108 | D:6      | Identified the ring of Coronation {rC+ MP+9}
  6585 | D:7      | Gained mutation: You are robust. (+10% HP) [potion of
                  | mutation]
  6585 | D:7      | Gained mutation: You occasionally lose the ability to drink
                  | potions when taking damage. [potion of mutation]
  6585 | D:7      | Gained mutation: You have very sharp teeth. [potion of
                  | mutation]
  6633 | D:7      | Found a runed translucent gate.
  6634 | D:7      | Found a runed translucent gate.
  6634 | D:7      | Found a runed translucent gate.
  6648 | D:7      | Noticed ThrustWizard's ghost (novice GrEE)
  6648 | D:7      | Noticed Lance11888's ghost (novice GrCK)
  7105 | D:7      | Reached skill level 6 in Axes
  7145 | D:7      | Reached skill level 5 in Dodging
  7178 | D:7      | Reached skill level 9 in Fighting
  7178 | D:7      | Gained mutation: You are mostly covered in thin metallic
                  | scales. (AC +3) [demonic ancestry]
  7178 | D:7      | Reached XP level 9. HP: 83/83 MP: 9/9
  7212 | D:7      | Noticed a gargoyle
  7274 | D:7      | Killed a gargoyle
  7275 | D:7      | Reached skill level 10 in Fighting
  7541 | D:7      | Found a stormy altar of Qazlal.
  7581 | D:7      | Reached skill level 6 in Dodging
  7957 | D:8      | Reached skill level 7 in Axes
  8344 | D:8      | You pick up a book of Weapons and begin reading...
  8344 | D:8      | You add the spells Tukima's Dance, Portal Projectile and
                  | Blade Hands to your library.
  8469 | D:8      | Found a hazy altar of Hepliaklqana.
  8574 | D:8      | Lost mutation: You occasionally lose the ability to drink
                  | potions when taking damage. [potion of mutation]
  8574 | D:8      | Lost mutation: You are robust. (+10% HP) [potion of
                  | mutation]
  8574 | D:8      | Lost mutation: You have very sharp teeth. [potion of
                  | mutation]
  8574 | D:8      | Gained mutation: You expend magic power (3 MP) to
                  | strengthen your wands. [potion of mutation]
  8574 | D:8      | Gained mutation: Your skin changes colour to match your
                  | surroundings (Stealth+). [potion of mutation]
  8574 | D:8      | Gained mutation: Your mind is acute. (Int +4, Str/Dex -1)
                  | [potion of mutation]
  9083 | D:9      | Reached XP level 10. HP: 63/86 MP: 10/10
  9128 | D:9      | Found a flagged portal.
  9153 | Bailey   | Entered a bailey
  9380 | Bailey   | Reached skill level 11 in Fighting
  9970 | D:9      | Found a bloodstained altar of Trog.
 10286 | D:9      | Found a staircase to the Lair.
 10311 | D:9      | Reached skill level 7 in Dodging
 10429 | Lair:1   | Entered Level 1 of the Lair of Beasts
 10457 | D:10     | Entered Level 10 of the Dungeon
 10546 | D:10     | Noticed an orange demon
 10551 | D:10     | Noticed an orange demon
 10553 | D:10     | Reached skill level 8 in Axes
 10756 | D:10     | Noticed Snorg
 10765 | D:10     | Killed Snorg
 10766 | D:10     | Reached skill level 12 in Fighting
 11180 | D:10     | Found a staircase to the Orcish Mines.
 11215 | D:10     | HP: 16/89 [troll (14)]
 11221 | D:10     | Gained mutation: You are completely covered in sharp
                  | spines. [demonic ancestry]
 11221 | D:10     | Reached XP level 11. HP: 21/95 MP: 11/11
 11227 | D:10     | Reached skill level 8 in Dodging
 11243 | D:10     | HP: 21/95 [orc warrior/+0 hand axe (6)]
 11786 | D:11     | Found a runed translucent gate.
 11787 | D:11     | Found a runed translucent gate.
 11788 | D:11     | Found a runed translucent gate.
 11790 | D:11     | Noticed gregwegmann's ghost (journeyman GrEE)
 11793 | D:11     | Found a viscous altar of Jiyva.
 11809 | D:11     | Found a gate leading to a gauntlet.
 11818 | Gauntlet | Entered a Gauntlet
 11818 | Gauntlet | Found a transporter.
 11818 | Gauntlet | Found a transporter.
 11824 | Gauntlet | Found a transporter.
 11826 | Gauntlet | Found a transporter.
 11826 | Gauntlet | Noticed an oklob plant
 11829 | Gauntlet | Found a transporter.
 11829 | Gauntlet | Found a transporter.
 11862 | Gauntlet | Noticed a sixfirhy
 11868 | Gauntlet | Found a transporter.
 11868 | Gauntlet | Found a transporter.
 11869 | Gauntlet | Found a transporter.
 11872 | Gauntlet | Noticed a catoblepas
 11880 | Gauntlet | Found a transporter.
 11899 | Gauntlet | Found a transporter.
 11905 | Gauntlet | Found a runed translucent door.
 11906 | Gauntlet | Found a transporter.
 11907 | Gauntlet | Found a runed translucent door.
 11920 | Gauntlet | Found a transporter.
 11940 | Gauntlet | Found a transporter.
 12058 | Gauntlet | Reached skill level 9 in Axes
 12105 | Gauntlet | Killed a sixfirhy
 12149 | Gauntlet | Killed a catoblepas
 12157 | Gauntlet | Reached skill level 9 in Dodging
 12183 | Gauntlet | Identified the ring "Moah" {Wiz rN+ Str+4 Int+4}
 12234 | Gauntlet | Noticed a minotaur
 12243 | Gauntlet | HP: 33/142 [minotaur/+1 dagger of speed (10)]
 12244 | Gauntlet | HP: 12/142 [minotaur/+1 dagger of speed (14)]
 12245 | Gauntlet | Slain by a minotaur

Vanquished Creatures
  Snorg (D:10)
  A catoblepas (Gauntlet)
  A sixfirhy (Gauntlet)
  A molten gargoyle (Gauntlet)
  3 gargoyles
  A kobold demonologist (D:10)
  A komodo dragon (D:9)
  A troll (D:10)
  A hornet (D:10)
  4 flying skulls (Gauntlet)
  A vampire (D:7)
  2 wyverns
  2 steam dragons (D:9)
  2 vampire mosquitoes (D:10)
  2 water moccasins (D:7)
  An acid dragon (D:8)
  9 orc warriors
  2 black bears
  3 sky beasts (D:7)
  2 ogres (D:10)
  6 centaurs
  2 phantoms
  5 kobold brigands
  6 gnoll sergeants (D:10)
  5 bullfrogs
  A scorpion (D:9)
  A necrophage (D:6)
  6 killer bees (D:10)
  8 howler monkeys
  2 gnoll boudas
  A jelly (D:5)
  A bullfrog zombie (D:5)
  Crazy Yiuf (D:4)
  7 orc priests
  7 hounds
  11 orc wizards
  5 iguanas
  A howler monkey zombie (D:5)
  Robin (D:4)
  12 gnolls
  3 adders
  3 shadow imps
  2 white imps (D:8)
  4 ufetubi
  2 dart slugs
  41 orcs
  5 ball pythons
  8 bats
  9 endoplasms
  3 giant cockroaches
  20 goblins
  12 hobgoblins
  4 jackals (D:2)
  6 quokkas
  A frilled lizard (D:3)
  33 kobolds
  4 rats
290 creatures vanquished.

Vanquished Creatures (others)
  2 orcs
  3 plants (D:9)
5 creatures vanquished.

Grand Total: 295 creatures vanquished

Table legend:
 A = Non-vault XP
 B = Vault XP
 C = Vault XP percentage of total XP
 D = Non-vault monster count
 E = Vault monster count
 F = Vault count percentage of total count
                 A         B        C        D         E       F
            +---------+---------+-------+---------+---------+-------
      Total |    6364 |    9289 |  59.3 |     187 |     104 |  35.7
            +---------+---------+-------+---------+---------+-------
        D:1 |      29 |      11 |  27.5 |      19 |       5 |  20.8
        D:2 |      47 |       0 |   0.0 |      14 |       0 |   0.0
        D:3 |     336 |       2 |   0.6 |      25 |       1 |   3.8
        D:4 |     135 |     171 |  55.9 |      13 |      19 |  59.4
        D:5 |     720 |      59 |   7.6 |      34 |       2 |   5.6
        D:6 |     422 |       0 |   0.0 |      13 |       0 |   0.0
        D:7 |     895 |    1501 |  62.6 |      25 |      12 |  32.4
        D:8 |    1102 |       0 |   0.0 |      15 |       0 |   0.0
        D:9 |    1085 |     621 |  36.4 |      15 |      10 |  40.0
       D:10 |    1593 |    2682 |  62.7 |      14 |      22 |  61.1
     Bailey |       0 |     434 | 100.0 |       0 |      21 | 100.0
   Gauntlet |       0 |    3808 | 100.0 |       0 |      12 | 100.0
            +---------+---------+-------+---------+---------+-------

Illustrated notes

Table legend:
 A = Kills in this place as a percentage of kills in entire the game.
 B = Kills by you in this place as a percentage of kills by you in the entire game.
 C = Kills by friends in this place as a percentage of kills by friends in the entire game.
 D = Other kills in this place as a percentage of other kills in the entire game.
 E = Experience gained in this place as a percentage of experience gained in the entire game.
 F = Experience gained in this place divided by the number of levels of this place that you have seen.
                   A       B       C       D       E      F
               +-------+-------+-------+-------+-------+----------------------
         Total | 100.0 | 100.0 |   N/A | 100.0 | 100.0 | 1043.5
       Dungeon |  88.7 |  88.6 |   N/A | 100.0 |  72.9 | 1037.4
        Bailey |   7.2 |   7.2 |   N/A |   0.0 |   2.8 | 434.0
      Gauntlet |   4.1 |   4.1 |   N/A |   0.0 |  24.3 | 3808.0
               +-------+-------+-------+-------+-------+----------------------

Table legend: (Time is in decaauts)
 A = Elapsed time spent in this place.
 B = Non-inter-level travel time spent in this place.
 C = Inter-level travel time spent in this place.
 D = Time resting spent in this place.
 E = Time spent auto-exploring this place.
 F = Levels seen in this place.
 G = Mean time per level.
                   A        B        C        D        E       F      G
               +--------+--------+--------+--------+--------+-----+--------+
         Total |  12401 |  12002 |    399 |     54 |   9622 |  15 |  826.7 |
       Dungeon |  11322 |  10938 |    384 |      3 |   9034 |  11 | 1029.3 |
        Temple |    107 |     92 |     15 |      0 |     73 |   1 |  107.0 |
          Lair |      1 |      1 |      0 |      0 |      0 |   1 |    1.0 |
        Bailey |    539 |    539 |      0 |      0 |    369 |   1 |  539.0 |
      Gauntlet |    430 |    430 |      0 |     51 |    146 |   1 |  430.0 |
               +--------+--------+--------+--------+--------+-----+--------+

Top non-repeatable levels by time:
     D:1: 1590 daAuts
     D:7: 1357 daAuts
     D:4: 1327 daAuts
    D:10: 1289 daAuts
     D:8: 1224 daAuts
     D:6: 1010 daAuts
     D:5: 958 daAuts
     D:2: 916 daAuts
     D:9: 882 daAuts
     D:3: 707 daAuts
  Bailey: 539 daAuts
Gauntlet: 430 daAuts
  Temple: 107 daAuts
    D:11: 58 daAuts
  Lair:1: 1 daAuts
